 Dungeon Crawl Stone Soup version 0.20-a0-537-g052e6ba (webtiles) character file.

472 Amciq the Skirmisher (level 6, 0/57 HPs)
             Began as a Minotaur Fighter on Jan 27, 2017.
             Slain by a gnoll (1 damage)
             ... on level 4 of the Dungeon.
             The game lasted 00:08:31 (2599 turns).

Amciq the Skirmisher (Minotaur Fighter)             Turns: 2599, Time: 00:08:32

Health: 0/57       AC:  7    Str: 26    XL:     6   Next: 83%
Magic:  5/5        EV:  8    Int:  5    God:
Gold:   222        SH: 11    Dex: 14    Spells: 5/5 levels left

rFire    . . .     SeeInvis .   r - +3 mace
rCold    . . .     Gourm    .   b - +0 scale mail
rNeg     . . .     Faith    .   c - +0 shield
rPois    .         Spirit   .   (helmet restricted)
rElec    .         Reflect  .   (no cloak)
rCorr    .         Harm     +   (no gloves)
MR       .....                  (no boots)
Stlth    ..........             u - amulet of harm
Regen    0.2/turn               (no ring)
                                v - +3 ring of dexterity

@: mighty
A: retaliatory headbutt, horns 2
a: no special abilities


You were on level 4 of the Dungeon.
You were hungry.

You visited 1 branch of the dungeon, and saw 4 of its levels.

You collected 222 gold pieces.

Inventory:

Hand Weapons
 r - a +3 mace (weapon)
Missiles
 l - 59 stones (quivered)
Armour
 b - a +0 scale mail (worn)
 c - a +0 shield (worn)
Jewellery
 u - an amulet of harm (around neck)
 v - a +3 ring of dexterity (left hand)
Scrolls
 e - a scroll of magic mapping
 j - a scroll of remove curse
 m - a scroll of blinking {unknown}
 n - a scroll of recharging {unknown}
 p - a scroll of noise {unknown}
 q - a scroll of teleportation
 s - a scroll of identify {unknown}
 w - a scroll of enchant weapon {unknown}
 x - a scroll of immolation {unknown}
Potions
 a - a potion of cure mutation {unknown}
 i - a potion of agility {unknown}
 k - a potion of curing {unknown}
 o - 2 potions of brilliance {unknown}
 B - a potion of lignification {unknown}
Comestibles
 f - 6 bread rations
 g - a chunk of flesh
 h - 10 fruits
 t - 4 royal jellies
 A - a meat ration


   Skills:
 + Level 5.8 Fighting
 + Level 4.8 Maces & Flails
 + Level 5.6 Armour
 + Level 5.4 Shields


You had 5 spell levels left.
You didn't know any spells.

Dungeon Overview and Level Annotations

Branches:
Dungeon (4/15)
 Temple: D:4-7

Altars:
Ashenzari
Dithmenos
Kikubaaqudgha
Nemelex Xobeh


Innate Abilities, Weirdness & Mutations

You reflexively headbutt those who attack you in melee.
You have a pair of horns on your head.


Message History

The gnoll hits you. x2; You block the gnoll's attack.
The gnoll hits you.
* * * LOW HITPOINT WARNING * * *
You are too injured to fight recklessly!
You are too injured to fight recklessly!
You thump the gnoll!
You kill the gnoll!
You block the gnoll's attack. The gnoll hits you but does no damage.
The gnoll hits you from afar with a spear.
* * * LOW HITPOINT WARNING * * *
You block the gnoll's attack. The gnoll hits you!
* * * LOW HITPOINT WARNING * * *
You closely miss the gnoll. You headbutt the gnoll!
The gnoll is heavily wounded.
The gnoll hits you from afar with a spear.
* * * LOW HITPOINT WARNING * * *
You block the orc's attack.
The gnoll hits you from afar with a spear.
* * * LOW HITPOINT WARNING * * *
The gnoll hits you.
You die...

.# #<# # #.#
##.####.#######
..............#
##............#
######(####..#
##...###..#
##.....##..#
#.$..@†.#...
#....gog...##
#......g...#
##.......§§≈§
##.......≈(§
##.........
..≈.......
.§≈.......


You could see 3 gnolls and an orc.

Vanquished Creatures
  The ghost of deskach the Chopper, an amateur MiGl (D:3)
  Blork the orc (D:4)
  A bullfrog (D:4)
  3 orc wizards
  Natasha (thrice) (D:2)
  An adder (D:3)
  A gnoll (D:4)
  An ooze (D:2)
  3 worms
  3 dart slugs (D:1)
  A leopard gecko (D:1)
  5 orcs
  3 ball pythons
  5 giant cockroaches
  4 goblins
  3 hobgoblins
  6 kobolds
  2 quokkas
  4 bats
  6 frilled lizards
  7 rats
64 creatures vanquished.

Vanquished Creatures (others)
  A hobgoblin (D:1)
1 creature vanquished.

Grand Total: 65 creatures vanquished

Notes
Turn   | Place    | Note
-------+----------+-------------------------------------------
     0 | D:1      | Amciq the Minotaur Fighter began the quest for the Orb.
     0 | D:1      | Reached XP level 1. HP: 19/19 MP: 0/0
   143 | D:1      | Reached XP level 2. HP: 27/27 MP: 1/1
   793 | D:2      | Reached XP level 3. HP: 33/33 MP: 2/2
   817 | D:2      | Found an ancient bone altar of Kikubaaqudgha.
   889 | D:2      | Found a shadowy altar of Dithmenos.
   952 | D:2      | Noticed Natasha
   962 | D:2      | Killed Natasha
  1102 | D:2      | Noticed Natasha
  1112 | D:2      | Killed Natasha
  1112 | D:2      | Reached XP level 4. HP: 14/41 MP: 3/3
  1287 | D:2      | Noticed Natasha
  1293 | D:2      | Killed Natasha
  1737 | D:3      | Noticed deskach's ghost (amateur MiGl)
  1748 | D:3      | Killed deskach's ghost
  1748 | D:3      | Reached skill level 5 in Fighting
  1748 | D:3      | Reached XP level 5. HP: 37/48 MP: 4/4
  1859 | D:3      | Reached skill level 5 in Shields
  2069 | D:3      | Reached skill level 5 in Armour
  2188 | D:3      | Reached XP level 6. HP: 56/56 MP: 5/5
  2374 | D:4      | Found a shattered altar of Ashenzari.
  2374 | D:4      | Found a sparkling altar of Nemelex Xobeh.
  2375 | D:4      | Noticed Blork the orc
  2388 | D:4      | Killed Blork the orc
  2599 | D:4      | HP: 2/57 [gnoll/spear (3)]
  2599 | D:4      | Slain by a gnoll

Vault maps used:
D:1:      mrwooster_arrival_statue_2, lemuel_another_geyser
D:2:      nicolae_dithmenos_through_a_glass_darkly, lemuel_round_altar,
          first_bread, st_stairs_9, hangedman_decor_lopped, uniq_natasha
D:4:      nemelex_xobeh_ov_fountains_minmay, kennysheep_decorative_pillar,
          ashenzari_altar_1, uniq_eustachio, uniq_blork_the_orc

Skill      XL: |  1  2  3  4  5 |
---------------+----------------+-----
Armour         | 4 5 |  5.6
Maces & Flails | 3 4 |  4.8
Fighting       | 4 5 |  5.8
Shields        | 4 5 |  5.4

Action                   |  1- 3 |  4- 6 || total
-------------------------+-------+-------++-------
Melee: Flail             |    43 |       ||    43
       Headbutt          |     4 |    13 ||    17
       Mace              |    15 |   100 ||   115
Throw: Stone             |     4 |     2 ||     6
  Use: Scroll            |       |     4 ||     4
       Potion            |       |     1 ||     1
  Eat: Chunk             |     1 |     4 ||     5
Armor: Scale mail        |    28 |    39 ||    67
Dodge: Dodged            |    14 |    30 ||    44
Block: Shield            |    18 |    65 ||    83
